[Event "IX Iberoamericano Championship 2023"]
[Site "Panama City"]
[Date "2023.11.27"]
[Round "1.1"]
[White "Henriquez Villagra, Cristobal"]
[Black "Zilleruelo Irizarry, Diego"]
[Result "1-0"]
[ECO "B12"]
[WhiteElo "2630"]
[BlackElo "2105"]
[Annotator "TA"]
[PlyCount "63"]
[EventDate "2023.11.27"]
[EventType "swiss"]
[EventCountry "PAN"]
[SourceTitle "playchess.com"]
[Source "ChessBase"]
[SourceQuality "1"]
[TimeControl "5400+30"]

1. e4 c6 2. d4 d5 3. e5 c5 4. Nf3 Nc6 5. dxc5 Bg4 6. c3 {[%emt 0:01:45] B12: Caro-Kann: Advance Variation.} Bxf3 7. Qxf3 e6 8. Be3 {[%emt 0:01:49] White has an edge.} Nge7 9. Bb5 Ng6 10. Bd4 {[%emt 0:12:56] White is more active.} Be7 11. O-O O-O {[%emt 0:00:00] [#]} 12. Bxc6 $146 ({Predecessor:} 12. Qe3 Qc7 13. Bxc6 bxc6 14. Nd2 Rae8 15. Nf3 Bd8 16. b4 Qb7 17. a4 a6 18. g3 {1-0 Cech,P (2410)-Machan,J (2240) CZE-chT 1415 2014 (2.3)}) 12... bxc6 13. Qe3 Qb8 14. b3 Nh4 15. Nd2 a5 16. a3 Qa7 17. b4 Nf5 18. Qd3 h5 19. Nb3 a4 20. Nd2 Qc7 21. Rae1 g6 22. f4 Kg7 23. Nf3 Rh8 24. Bf2 h4 25. Rd1 Rh5 26. c4 Rhh8 27. cxd5 cxd5 (27... exd5 $142 28. Rfe1 Rh5) 28. Rb1 $18 Rhc8 29. Rfc1 Qd7 30. b5 {[%emt 0:00:33] White is clearly winning.} d4 (30... Bd8 $142 31. c6 Qe8) 31. Nxd4 Nxd4 32. Qxd4 {[%emt 0:00:05] White took control after the opening.   Weighted Error Value: White=0.04 (flawless) /Black=0.30} ({Worse is} 32. Bxd4 Bxc5 33. Rc4 (33. Rxc5 $2 {is the wrong capture.} Rxc5 {[%mdl 64] Pin} 34. Qe4 Rd5 $19) 33... Bxa3 $17) 1-0

[Event "IX Iberoamericano Championship 2023"]
[Site "Panama City"]
[Date "2023.11.27"]
[Round "1.2"]
[White "Morales Carlos"]
[Black "Cori, Jorge"]
[Result "0-1"]
[ECO "B37"]
[WhiteElo "2102"]
[BlackElo "2626"]
[Annotator "TA"]
[PlyCount "132"]
[EventDate "2023.11.27"]
[EventType "swiss"]
[EventCountry "PAN"]
[SourceTitle "playchess.com"]
[Source "ChessBase"]
[SourceQuality "1"]
[TimeControl "5400+30"]

1. c4 c5 2. Nf3 Nc6 3. d4 cxd4 4. Nxd4 g6 5. e4 Bg7 6. Be3 Nf6 7. Nc3 d6 8. Be2 O-O 9. Nc2 Be6 10. O-O {[%emt 0:01:05] 10.f3 is not played anymore.} Nd7 {[%emt 0:05:26] B37: Sicilian: Maroczy Bind with 5...Bg7, sidelines.} 11. Qd2 Qa5 12. Nd4 Nxd4 {[%emt 0:05:26] The position is equal.} 13. Bxd4 Bxd4 14. Qxd4 Qc5 15. Qxc5 Nxc5 {[%emt 0:00:17] [#]} 16. Rac1 $146 ({Predecessor:} 16. f4 Rfc8 17. f5 Bd7 18. Nd5 Kf8 19. f6 exf6 20. Nxf6 Bc6 21. Nxh7+ Kg7 22. Nf6 Nxe4 23. Nxe4 Bxe4 24. Rad1 d5 25. b3 dxc4 26. Bxc4 {½-½ Novak,P (2317)-Zeleny,T (2187) Plzen op-A 9th 2003 (8)}) 16... Rac8 17. f3 Kg7 18. Kf2 f5 19. exf5 gxf5 20. Rfd1 Kf6 21. Bf1 Nd7 22. Rd4 Ne5 23. Re1 Bf7 24. b3 a6 25. Nd5+ (25. g3 {is interesting.} b5 26. f4 Nd7 27. g4) 25... Bxd5 26. Rxd5 Nf7 27. f4 Rc5 28. b4 Rc7 29. g3 e6 30. Rd2 a5 31. Rb1 Ra8 32. b5 Rd8 33. Rbd1 b6 34. Ke3 Ke7 35. Re1 Rc5 36. Red1 Nh6 37. Be2 Ng8 38. Rd4 Nf6 39. Bf3 d5 $1 40. a4 Kd6 ({Of course not} 40... Rxc4 41. Rxc4 dxc4 42. Rxd8 Kxd8 43. Kd4 $11) 41. Be2 Rdc8 42. Bd3 h5 43. cxd5 Rxd5 44. Rxd5+ Nxd5+ $15 {[%emt 0:00:02][%mdl 4096] Endgame KRB-KRN} 45. Kd4 Nc3 46. Ra1 Rc7 (46... h4 $1 $15) 47. Ra3 Nd5 48. Bc4 Nf6 49. Rd3 {[%emt 0:00:44] [#]} (49. Re3 $11 {keeps the balance.} Ne4 50. Bd3) 49... Ne4 (49... Ke7 $1 $17) 50. Re3 (50. Ra3 $1 $11) 50... Nc5 $17 51. Ra3 Rh7 {[%emt 0:01:20] Threatens to win with ...h4.} 52. Be2 {[%emt 0:00:26] White is now going downhill.} (52. h4 $1 $11) 52... h4 53. g4 fxg4 54. Bxg4 Rf7 55. Ke3 {[%emt 0:00:07] [#]} e5 $1 {[%emt 0:00:04] Black is more active.} 56. fxe5+ (56. f5 $17) 56... Kxe5 $19 57. Bd1 Rf1 58. Ke2 Rf4 59. Rc3 (59. Ke3 {was worth a try.}) 59... Kd4 (59... Nxa4 $2 {perishes.} 60. Bxa4 Rxa4 61. Rc6) 60. Rh3 (60. Ra3 $142) 60... Kc4 61. Bc2 Kb4 {[%emt 0:00:18] Dodges Ra3} 62. Re3 (62. Kd2 {was necessary.}) 62... Nxa4 {[%emt 0:00:36] White must now prevent ...Nc3+. Black is clearly winning.} 63. Re6 Nc3+ 64. Ke3 Nd5+ 65. Ke2 Kxb5 66. Re5 Kc4 {[%emt 0:00:05] Weighted Error Value: White=0.21 (precise) /Black=0.10 (very precise)} 0-1

[Event "IX Iberoamericano Championship 2023"]
[Site "Panama City"]
[Date "2023.11.27"]
[Round "1.3"]
[White "Mareco, Sandro"]
[Black "Fernandez, Maria Florencia"]
[Result "1-0"]
[ECO "E05"]
[WhiteElo "2606"]
[BlackElo "2099"]
[Annotator "TA"]
[PlyCount "139"]
[EventDate "2023.11.27"]
[EventType "swiss"]
[EventCountry "PAN"]
[SourceTitle "playchess.com"]
[Source "ChessBase"]
[SourceQuality "1"]
[TimeControl "5400+30"]

1. Nf3 Nf6 2. c4 e6 3. g3 d5 4. Bg2 Be7 5. O-O O-O 6. d4 dxc4 7. Qc2 a6 8. Qxc4 b5 9. Qc2 Bb7 10. Bd2 Nbd7 11. Ba5 Nb6 12. Nbd2 Rc8 $1 13. Qd3 {[%emt 0:00:07] E05: Open Catalan: 5 Nf3 Be7.} Nfd7 {[%emt 0:14:24] [#]} (13... Bxf3 $11 {remains equal.} 14. Bxf3 (14. Nxf3 Nc4 $11) 14... c5) 14. Ng5 $1 $16 {[%emt 0:17:44][%mdl 576] Discovered Attack} Bxg5 15. Bxb7 {[%emt 0:01:36] White is better.} Rb8 {[%emt 0:01:46] [#]} 16. Bxa6 $146 {[%emt 0:15:41] White is much more active.} ({Predecessor:} 16. Bc6 e5 17. Nf3 exd4 18. Nxg5 Qxg5 19. Qxd4 Rfd8 20. Qc3 Qe7 21. Qc2 Nf6 22. a3 {1-0 Frolyanov,D (2570)-Travkina,A (2216) Samara Polugaevsky Memorial 3rd 2013 (7)}) 16... Bxd2 (16... Ra8 $16) 17. Bxd2 $18 ({Stronger than} 17. Qxd2 Nc4 18. Qc3 Nxa5 19. Qxa5 c5 $11) 17... Nc4 18. Bb4 Nxb2 19. Qc2 Re8 20. Qxb2 Rb6 {[%emt 0:00:19] [#]} 21. Bc3 $1 Qb8 {[%emt 0:03:15] [#]} (21... Rxa6 22. Qxb5) 22. Rfb1 $1 Rxa6 $16 23. Qxb5 Qxb5 24. Rxb5 Rea8 25. Rb7 Rc6 26. Bb4 (26. Bd2 $142 $1) 26... Rc4 27. a4 {[%emt 0:01:26] And now a5 would win.} Nb6 28. Bc5 {[%emt 0:00:09] a5 would be deadly.} Rcxa4 29. Rxa4 Nxa4 30. Rxc7 $14 {[%emt 0:00:08][%mdl 4096] Endgame KRB-KRN} Nc3 $1 31. e3 h6 (31... h5 $1 $11) 32. Ra7 $16 Rb8 33. Ra3 Ne4 34. Ra2 $1 Rb1+ 35. Kg2 Rc1 36. Bb4 g5 37. f3 Rb1 38. Ba5 Nd6 39. Rc2 Nf5 40. Bd2 Kh7 {[%emt 0:00:34] [#]} (40... Rd1 $11 {keeps the balance.}) 41. Bc1 $1 Kg6 42. g4 Nh4+ 43. Kf2 h5 44. h3 Ra1 (44... f5 $142) 45. e4 hxg4 46. hxg4 Ra4 (46... f6 $16 47. e5 fxe5) 47. Be3 $2 (47. d5 $18 {and the rest is easy.}) 47... Ra6 (47... f6 $16 48. d5 Ra6) 48. d5 $18 exd5 49. exd5 {[%emt 0:00:05] Rc6+ would kill now.} f6 {[%emt 0:00:27] [#]} 50. Rd2 (50. Bc5 $1 $18 Ra8 51. d6) 50... Rd6 $16 51. Bc5 Rd7 52. d6 ({White should play} 52. Rd3 $16) 52... Kf7 $1 $11 53. Ke3 {[%emt 0:07:03] Threatening Re2.} Ke6 54. Rb2 Kd5 55. Rb5 Ng2+ 56. Kd2 Nf4 57. Ba3+ Ke6 58. Rb8 Ng6 59. Re8+ Kf7 60. Rc8 Ne5 61. Ke3 Ke6 62. Ke4 Ng6 63. Bc5 Rb7 ({Black should try} 63... Ne5 $11) 64. Rc7 $14 Rb8 $2 (64... Rb1 $16) 65. Rg7 Rc8 66. d7 Rd8 67. Rxg6 Rxd7 68. Bd4 Rf7 69. Rg8 (69. Bxf6 $142 Kd6 70. Bd4+ Kd7 71. Rg7 Ke7 72. Rxf7+ Kxf7 73. Kf5 Ke7 74. Bf6+ Kd7 75. Bxg5) 69... Re7 70. Rf8 {[%emt 0:00:10] Weighted Error Value: White=0.19 (very precise) /Black=0.16 (very precise)} 1-0

[Event "IX Iberoamericano Championship 2023"]
[Site "Panama City"]
[Date "2023.11.27"]
[Round "1.4"]
[White "Battikh, Jose Miguel"]
[Black "Hernandez Guerrero, Gilberto"]
[Result "0-1"]
[ECO "B30"]
[WhiteElo "2098"]
[BlackElo "2527"]
[Annotator "RC"]
[PlyCount "72"]
[EventDate "2023.11.27"]
[EventType "swiss"]
[EventCountry "PAN"]
[SourceTitle "playchess.com"]
[Source "ChessBase"]
[SourceQuality "1"]
[TimeControl "5400+30"]

1. e4 c5 2. Nf3 Nc6 3. Bb5 e6 4. Nc3 Nge7 5. d4 cxd4 6. Nxd4 a6 7. Be2 b5 8. Be3 Bb7 9. O-O Ng6 10. Nb3 Rc8 11. f4 Qc7 12. Nc5 Nxf4 13. Bxb5 Bxc5 14. Bxc5 Ne5 15. Bd6 Qb6+ 16. Kh1 Nfg6 17. Ba4 Rc4 18. Ba3 h5 19. Qe2 Qa5 20. Bxd7+ Kxd7 21. Rxf7+ Kc8 22. Bd6 Rxc3 23. Rxb7 Kxb7 24. bxc3 Qb6 25. Qd1 Ng4 26. Bg3 Rd8 27. Qf1 Rf8 28. Qc1 Nf2+ 29. Bxf2 Qxf2 30. Qd1 Rf7 31. Rb1+ Ka7 32. h3 Nf4 33. Qd4+ Qxd4 34. cxd4 Ne2 35. d5 Ng3+ 36. Kh2 Nxe4 0-1

[Event "IX Iberoamericano Championship 2023"]
[Site "Panama City"]
[Date "2023.11.27"]
[Round "1.5"]
[White "Almeida Quintana, Omar"]
[Black "Mendez Machado, Andre"]
[Result "1-0"]
[ECO "D02"]
[WhiteElo "2509"]
[BlackElo "2096"]
[Annotator "RC"]
[PlyCount "69"]
[EventDate "2023.11.27"]
[EventType "swiss"]
[EventCountry "PAN"]
[SourceTitle "playchess.com"]
[Source "ChessBase"]
[SourceQuality "1"]
[TimeControl "5400+30"]

1. d4 Nf6 2. Bf4 e6 3. e3 d5 4. Nf3 Bd6 5. Nbd2 O-O 6. Bd3 Bxf4 7. exf4 c5 8. dxc5 Qc7 9. g3 Qxc5 10. Nb3 Qc7 11. O-O Nc6 12. Re1 a6 13. c3 b5 14. Nbd4 Rb8 15. Rc1 Nxd4 16. cxd4 Qa5 17. Bb1 Bb7 18. Ne5 Rfc8 19. f3 Qb4 20. Rxc8+ Rxc8 21. Re2 g6 22. h4 Nh5 23. Kg2 f6 24. a3 Qd6 25. Nd3 Ng7 26. b4 Rc3 27. Nc5 Bc8 28. Qd2 Rc4 29. Ba2 Nf5 30. Bxc4 dxc4 31. d5 e5 32. fxe5 fxe5 33. Qe1 Nd4 34. Rxe5 Qf6 35. Qe4 1-0

[Event "IX Iberoamericano Championship 2023"]
[Site "Panama City"]
[Date "2023.11.27"]
[Round "1.6"]
[White "Portal Ramos, Cristhian"]
[Black "Berdayes Ason, Dylan Isidro"]
[Result "0-1"]
[ECO "A22"]
[WhiteElo "2085"]
[BlackElo "2507"]
[Annotator "RC"]
[PlyCount "70"]
[EventDate "2023.11.27"]
[EventType "swiss"]
[EventCountry "PAN"]
[SourceTitle "playchess.com"]
[Source "ChessBase"]
[SourceQuality "1"]
[TimeControl "5400+30"]

1. c4 e5 2. Nc3 Nf6 3. g3 Bb4 4. e4 Bxc3 5. dxc3 d6 6. f3 a5 7. Nh3 a4 8. Nf2 Be6 9. Be3 Nfd7 10. Qd2 Nc6 11. Rb1 O-O 12. g4 Na5 13. b3 axb3 14. axb3 b5 15. cxb5 Nxb3 16. Qd1 Ra3 17. Be2 Qa8 18. O-O Qa5 19. Qc2 Nb6 20. c4 Nd4 21. Bxd4 exd4 22. Rfd1 Rc3 23. Qd2 Bxc4 24. Ra1 Qxb5 25. Qxd4 Rb3 26. Bd3 h5 27. h3 Rd8 28. Rac1 Rb4 29. Bxc4 Rxc4 30. Rxc4 Nxc4 31. Rc1 Ne5 32. Rc3 Ra8 33. Qd1 Ra2 34. f4 Qb2 35. Qd4 Nf3+ 0-1

[Event "IX Iberoamericano Championship 2023"]
[Site "Panama City"]
[Date "2023.11.27"]
[Round "1.7"]
[White "Cuenca Jimenez, Jose Fernando"]
[Black "Gonzalez Ochoa, Yoana"]
[Result "1-0"]
[ECO "A28"]
[WhiteElo "2505"]
[BlackElo "2085"]
[Annotator "RC"]
[PlyCount "59"]
[EventDate "2023.11.27"]
[EventType "swiss"]
[EventCountry "PAN"]
[SourceTitle "playchess.com"]
[Source "ChessBase"]
[SourceQuality "1"]
[TimeControl "5400+30"]

1. c4 e5 2. Nc3 Nf6 3. Nf3 Nc6 4. e4 Bc5 5. Nxe5 Nxe5 6. d4 Bb4 7. dxe5 Nxe4 8. Qf3 Nxc3 9. bxc3 Ba5 10. Bf4 Qe7 11. Be2 O-O 12. O-O d6 13. exd6 cxd6 14. Rad1 Rd8 15. Bd3 Bxc3 16. Bxh7+ Kxh7 17. Qxc3 Be6 18. Rd4 Rac8 19. Qe3 Rd7 20. Bg5 f6 21. Re4 Re8 22. Bh4 d5 23. cxd5 Rxd5 24. h3 Qd7 25. Qxa7 Rd1 26. Rxd1 Qxd1+ 27. Kh2 Qd5 28. Qe3 Qxa2 29. Bxf6 gxf6 30. Qg3 1-0

[Event "IX Iberoamericano Championship 2023"]
[Site "Panama City"]
[Date "2023.11.27"]
[Round "1.8"]
[White "Guevara Sanchez, Erick Marvin"]
[Black "Miranda Mesa, Elier"]
[Result "0-1"]
[ECO "B41"]
[WhiteElo "2059"]
[BlackElo "2490"]
[Annotator "RC"]
[PlyCount "94"]
[EventDate "2023.11.27"]
[EventType "swiss"]
[EventCountry "PAN"]
[SourceTitle "playchess.com"]
[Source "ChessBase"]
[SourceQuality "1"]
[TimeControl "5400+30"]

1. e4 c5 2. c4 Nc6 3. Ne2 Nf6 4. Nbc3 e6 5. d4 cxd4 6. Nxd4 Qc7 7. Nc2 a6 8. Be2 b6 9. O-O Bb7 10. f4 d6 11. Qd3 Rc8 12. Kh1 Be7 13. Bd2 O-O 14. Rac1 Nb8 15. b4 Nbd7 16. a3 Rfe8 17. Ne3 Qb8 18. Bf3 Qa8 19. Qd4 Red8 20. Qd3 Rc7 21. Rc2 Rdc8 22. Rfc1 Nf8 23. Be1 N8d7 24. Bg3 Rd8 25. Kg1 Rcc8 26. Kh1 h6 27. Kg1 Ne8 28. Rf1 a5 29. Rb1 Bf6 30. Nb5 Bc6 31. Ng4 Be7 32. Ne3 axb4 33. axb4 Bxb5 34. cxb5 Qa4 35. Rxc8 Rxc8 36. f5 Bf6 37. fxe6 fxe6 38. Ng4 Qc2 39. Qxc2 Rxc2 40. Nxf6+ gxf6 41. Rd1 Ne5 42. Bh5 Ng7 43. Bf3 Nc4 44. Bxd6 e5 45. Rd3 Ne6 46. Bg4 Nf4 47. Rd1 Ne3 0-1

[Event "IX Iberoamericano Championship 2023"]
[Site "Panama City"]
[Date "2023.11.27"]
[Round "1.9"]
[White "Soto Hernandez, Henry"]
[Black "Gutierrez Espinosa, Karen"]
[Result "1-0"]
[ECO "D36"]
[WhiteElo "2490"]
[BlackElo "2059"]
[Annotator "RC"]
[PlyCount "125"]
[EventDate "2023.11.27"]
[EventType "swiss"]
[EventCountry "PAN"]
[SourceTitle "playchess.com"]
[Source "ChessBase"]
[SourceQuality "1"]
[TimeControl "5400+30"]

1. d4 d5 2. c4 e6 3. Nc3 Nf6 4. Bg5 Be7 5. e3 c6 6. cxd5 exd5 7. Bd3 O-O 8. Qc2 h6 9. Bf4 Nbd7 10. h3 Nb6 11. Nf3 Be6 12. O-O Rc8 13. Rfd1 Kh8 14. Rac1 Bd6 15. Bxd6 Qxd6 16. a3 Nfd7 17. Qe2 Qe7 18. Nd2 f5 19. f4 Nf6 20. Nf3 Nbd7 21. Nh4 Bf7 22. Nxf5 Qe6 23. Ng3 Rce8 24. Re1 Bg8 25. Bg6 Bf7 26. Bf5 Qd6 27. Qf3 Nb6 28. Bd3 Qd7 29. Rcd1 Bg8 30. Bg6 Bf7 31. Bf5 Be6 32. Bd3 Bg8 33. Kh1 Bh7 34. f5 Nc8 35. e4 dxe4 36. Bxe4 Nxe4 37. Ncxe4 Qd5 38. f6 gxf6 39. Qf4 f5 40. Nf6 Rxe1+ 41. Rxe1 Qd6 42. Qxh6 Qxf6 43. Qxf6+ Rxf6 44. Re8+ Bg8 45. Rxc8 f4 46. Ne4 Re6 47. Nc3 Rd6 48. Rc7 Rxd4 49. Rxb7 Rd2 50. Ne4 Rd1+ 51. Kh2 Bh7 52. Nf6 Bf5 53. Rb8+ Kg7 54. Nh5+ Kh6 55. Nxf4 Rd2 56. Kg3 a5 57. Kf3 a4 58. Rb4 Bc2 59. Ke3 Rd6 60. Rc4 Bb3 61. Rc5 Kg7 62. g4 Bd1 63. g5 1-0

[Event "IX Iberoamericano Championship 2023"]
[Site "Panama City"]
[Date "2023.11.27"]
[Round "1.10"]
[White "Mejias Nunez, Rafael E."]
[Black "Espinosa Veloz, Ermes"]
[Result "0-1"]
[ECO "B30"]
[WhiteElo "2029"]
[BlackElo "2478"]
[Annotator "RC"]
[PlyCount "98"]
[EventDate "2023.11.27"]
[EventType "swiss"]
[EventCountry "PAN"]
[SourceTitle "playchess.com"]
[Source "ChessBase"]
[SourceQuality "1"]
[TimeControl "5400+30"]

1. e4 c5 2. Nf3 Nc6 3. Bb5 e6 4. O-O Nge7 5. Re1 a6 6. Bf1 d5 7. exd5 Nxd5 8. Nc3 Be7 9. Ne2 O-O 10. d4 b5 11. c3 Bb7 12. Ng3 Qc7 13. a4 cxd4 14. Nxd4 Nxd4 15. Qxd4 Bc6 16. axb5 axb5 17. Rxa8 Rxa8 18. Nh5 Bf8 19. Rd1 Ra4 20. Qd3 g6 21. Ng3 h5 22. b3 Ra8 23. c4 bxc4 24. bxc4 Nb4 25. Qd4 e5 26. Qh4 Ba4 27. Rd2 Be7 28. Qe4 Bc6 29. Qe2 Bg5 30. Rd1 Ra2 31. Bb2 h4 32. Bxe5 Qa7 33. Qe1 hxg3 34. hxg3 Ba4 35. Bd4 Qe7 36. Qxe7 Bxe7 37. Re1 Bf8 38. Ra1 Rxa1 39. Bxa1 Bc5 40. Bc3 Bc2 41. Bxb4 Bxb4 42. g4 Bc5 43. Be2 Kg7 44. g5 Kf8 45. g3 Ke7 46. Kg2 Kd6 47. g4 Ke5 48. Kg3 Kd4 49. Bf3 Bd6+ 0-1

[Event "IX Iberoamericano Championship 2023"]
[Site "Panama City"]
[Date "2023.11.27"]
[Round "1.11"]
[White "Diaz Perez, Michel Alejandro"]
[Black "Pilarte, Rene"]
[Result "1-0"]
[ECO "D45"]
[WhiteElo "2459"]
[BlackElo "2010"]
[Annotator "RC"]
[PlyCount "85"]
[EventDate "2023.11.27"]
[EventType "swiss"]
[EventCountry "PAN"]
[SourceTitle "playchess.com"]
[Source "ChessBase"]
[SourceQuality "1"]
[TimeControl "5400+30"]

1. d4 d5 2. c4 c6 3. Nc3 Nf6 4. e3 e6 5. Nf3 Nbd7 6. Be2 Be7 7. O-O O-O 8. b3 b6 9. Bb2 Bb7 10. Rc1 Rc8 11. Qd3 c5 12. cxd5 exd5 13. Rfd1 Ne4 14. dxc5 Ndxc5 15. Qb1 Nxc3 16. Bxc3 Ne4 17. Bd4 Ba3 18. Bb2 Qe7 19. Nd4 Bxb2 20. Qxb2 Qf6 21. Bf3 g6 22. b4 a6 23. a4 h5 24. h3 Rfe8 25. Rxc8 Rxc8 26. Rc1 Qd6 27. Rxc8+ Bxc8 28. Bxe4 dxe4 29. Qc3 Bd7 30. a5 bxa5 31. bxa5 Qe5 32. Qb4 Be6 33. Nc6 Qa1+ 34. Kh2 Qf6 35. Qxe4 Qxf2 36. Qe5 Kh7 37. Nd4 Bc4 38. Qg3 Qf6 39. Nf3 Qf5 40. Ng5+ Kh6 41. h4 Qxa5 42. Qf4 Ba2 43. Ne6+ 1-0

[Event "IX Iberoamericano Championship 2023"]
[Site "Panama City"]
[Date "2023.11.27"]
[Round "1.12"]
[White "Bravo Mallco, Kate Azumi"]
[Black "Matamoros Franco, Carlos S."]
[Result "0-1"]
[ECO "B12"]
[WhiteElo "2004"]
[BlackElo "2455"]
[Annotator "RC"]
[PlyCount "60"]
[EventDate "2023.11.27"]
[EventType "swiss"]
[EventCountry "PAN"]
[SourceTitle "playchess.com"]
[Source "ChessBase"]
[SourceQuality "1"]
[TimeControl "5400+30"]

1. e4 c6 2. d4 d5 3. e5 c5 4. dxc5 e6 5. Be3 Nd7 6. Nf3 Bxc5 7. Bxc5 Nxc5 8. Nc3 Ne7 9. Qd2 Qb6 10. O-O-O Bd7 11. Nd4 O-O 12. f4 Rac8 13. Kb1 Rfd8 14. Bd3 Nc6 15. Nf3 Nb4 16. Rhf1 Ncxd3 17. cxd3 d4 18. Ne4 Rc2 19. Qxc2 Nxc2 20. Kxc2 Ba4+ 21. b3 Bc6 22. Nfd2 Qa6 23. a4 b5 24. Nc5 Qb6 25. Nde4 bxa4 26. bxa4 Bxe4 27. Nxe4 Qb4 28. Rd2 Qxa4+ 29. Kb1 Qb3+ 30. Ka1 Qa3+ 0-1

[Event "IX Iberoamericano Championship 2023"]
[Site "Panama City"]
[Date "2023.11.27"]
[Round "1.13"]
[White "De La Riva Aguado, Oscar"]
[Black "Ortiz Lopera, Miguel Angel"]
[Result "1-0"]
[ECO "C26"]
[WhiteElo "2437"]
[BlackElo "2001"]
[Annotator "RC"]
[PlyCount "121"]
[EventDate "2023.11.27"]
[EventType "swiss"]
[EventCountry "PAN"]
[SourceTitle "playchess.com"]
[Source "ChessBase"]
[SourceQuality "1"]
[TimeControl "5400+30"]

1. e4 e5 2. Nf3 Nc6 3. Nc3 Nf6 4. g3 Bc5 5. Bg2 d6 6. d3 O-O 7. O-O Re8 8. h3 Nd4 9. Na4 Bd7 10. Nxc5 dxc5 11. Nh4 Bc6 12. c3 Nb5 13. Qe2 Nd6 14. c4 b5 15. b3 a5 16. Be3 Nd7 17. a4 bxa4 18. bxa4 Rb8 19. Rfb1 Rxb1+ 20. Rxb1 Qa8 21. Qe1 f5 22. f3 Rf8 23. Bd2 Bxa4 24. Ra1 Bc6 25. Bxa5 Qd8 26. exf5 Nxf5 27. Nxf5 Rxf5 28. Qe3 Qf6 29. Rf1 Qd6 30. Bc3 Rf8 31. Re1 h6 32. h4 Rd8 33. Kh2 Nf6 34. Bxe5 Qxd3 35. Bxc7 Qxe3 36. Rxe3 Rd2 37. Kg1 Rd1+ 38. Bf1 Bd7 39. Kf2 Kf7 40. Bb6 Be6 41. Bxc5 Rc1 42. Ba3 Rc2+ 43. Re2 Rc3 44. Bb2 Rb3 45. Rc2 Bf5 46. Rd2 Be4 47. Be2 Bb7 48. Bd4 Ba6 49. Ra2 Bc8 50. Ra7+ Rb7 51. Ke3 Rxa7 52. Bxa7 g5 53. hxg5 hxg5 54. g4 Ke6 55. Bd3 Bb7 56. Bd4 Nd7 57. Be4 Bxe4 58. Kxe4 Nb8 59. Be3 Kf6 60. Kd5 Nd7 61. c5 1-0

[Event "IX Iberoamericano Championship 2023"]
[Site "Panama City"]
[Date "2023.11.27"]
[Round "1.14"]
[White "Neira Rodriguez, Carlos Fernando"]
[Black "Sanchez Alvarez, Roberto Carlos"]
[Result "0-1"]
[ECO "E11"]
[WhiteElo "1996"]
[BlackElo "2437"]
[Annotator "RC"]
[PlyCount "116"]
[EventDate "2023.11.27"]
[EventType "swiss"]
[EventCountry "PAN"]
[SourceTitle "playchess.com"]
[Source "ChessBase"]
[SourceQuality "1"]
[TimeControl "5400+30"]

1. d4 Nf6 2. c4 e6 3. Nf3 Bb4+ 4. Bd2 a5 5. a3 Bxd2+ 6. Nbxd2 d6 7. g3 O-O 8. Bg2 Qe7 9. O-O e5 10. dxe5 dxe5 11. e3 Bf5 12. Qb3 c6 13. Qc3 Nbd7 14. Nh4 Bg6 15. Nxg6 hxg6 16. b4 Rfd8 17. Rfd1 e4 18. bxa5 Nc5 19. Nb3 Rxd1+ 20. Rxd1 Nxb3 21. Qxb3 Rxa5 22. a4 Ra7 23. Rd4 c5 24. Rd1 Qc7 25. Qc2 Qc6 26. Ra1 b6 27. Ra2 Qe6 28. Ra1 Qe5 29. Rd1 Qe8 30. Ra1 Rd7 31. Rd1 Ra7 32. Ra1 Qa8 33. Qb3 Qc6 34. Qc2 Qe8 35. Qb3 Qe6 36. Rd1 Nd7 37. f4 exf3 38. Bxf3 Nf6 39. Rd8+ Kh7 40. Kg2 Ng4 41. Bxg4 Qxg4 42. Rd2 Qe4+ 43. Kg1 Re7 44. Rd3 Re6 45. Rc3 Qf3 46. Rd3 Qe2 47. Qd1 Qxd1+ 48. Rxd1 Rxe3 49. a5 bxa5 50. Rd5 Re7 51. Rxc5 Ra7 52. Rb5 a4 53. Rb2 g5 54. c5 Kg6 55. c6 a3 56. Ra2 Kf5 57. c7 Rxc7 58. Rxa3 Kg4 0-1

[Event "IX Iberoamericano Championship 2023"]
[Site "Panama City"]
[Date "2023.11.27"]
[Round "1.15"]
[White "Flores Quillas, Diego Saul Rodri"]
[Black "Pazos Gambarrotti, Plinio"]
[Result "1-0"]
[ECO "C63"]
[WhiteElo "2414"]
[BlackElo "1995"]
[Annotator "RC"]
[PlyCount "59"]
[EventDate "2023.11.27"]
[EventType "swiss"]
[EventCountry "PAN"]
[SourceTitle "playchess.com"]
[Source "ChessBase"]
[SourceQuality "1"]
[TimeControl "5400+30"]

1. e4 e5 2. Nf3 Nc6 3. Bb5 f5 4. Nc3 Nf6 5. exf5 e4 6. Nh4 d5 7. d3 exd3 8. Bxd3 Be7 9. O-O O-O 10. Bg5 Ne4 11. Bxe4 Bxg5 12. Qxd5+ Kh8 13. Nf3 Qf6 14. Rad1 Ne7 15. Qc5 Bxf5 16. Bxf5 Qxf5 17. Qxf5 Rxf5 18. Nxg5 Rxg5 19. Rd7 Nc6 20. Rxc7 Rb8 21. Rd1 h6 22. f4 Rf5 23. g3 Nd8 24. Rdd7 g5 25. Re7 Nc6 26. Rh7+ Kg8 27. Rxh6 gxf4 28. Ne4 Rbf8 29. Rg6+ Kh8 30. Ng5 1-0

[Event "IX Iberoamericano Championship 2023"]
[Site "Panama City"]
[Date "2023.11.27"]
[Round "1.16"]
[White "Wong Pages, Juan"]
[Black "Ticona Rocabado, Licael Roderick"]
[Result "0-1"]
[ECO "C54"]
[WhiteElo "1988"]
[BlackElo "2412"]
[Annotator "RC"]
[PlyCount "124"]
[EventDate "2023.11.27"]
[EventType "swiss"]
[EventCountry "PAN"]
[SourceTitle "playchess.com"]
[Source "ChessBase"]
[SourceQuality "1"]
[TimeControl "5400+30"]

1. e4 e5 2. Nf3 Nc6 3. Bc4 Bc5 4. d3 Nf6 5. O-O O-O 6. c3 d5 7. exd5 Nxd5 8. b4 Be7 9. Re1 Bf6 10. Bb2 Nf4 11. Re3 Bg4 12. Qb3 a5 13. Nbd2 a4 14. Qc2 a3 15. Bc1 Ne7 16. Nxe5 Bxe5 17. Rxe5 Neg6 18. Re3 Nh4 19. g3 Nh3+ 20. Kf1 Nf5 21. Re4 Qf6 22. Nb3 Bf3 23. Nc5 Bd1 24. Qxd1 Nxg3+ 25. Kg2 Nxf2 26. Qf3 Qxc3 27. Re7 Qxa1 28. Qxf2 Qxc1 29. hxg3 Qb2 30. Re2 Qxb4 31. Nd7 b5 32. Bb3 Qd6 33. Nxf8 Rxf8 34. Qf4 Qd7 35. Qb4 g6 36. Qe7 Qc6+ 37. Qe4 Qb6 38. Rf2 Qd6 39. Rxf7 Rxf7 40. Qe8+ Qf8 41. Bxf7+ Kg7 42. Qxf8+ Kxf8 43. Bd5 Ke7 44. Bc6 b4 45. Bd5 Kd6 46. Bc4 Ke5 47. Kf3 Kd4 48. Ke2 h5 49. Kd2 g5 50. Kc2 Ke5 51. Kb3 c5 52. Bf7 h4 53. gxh4 gxh4 54. Kc4 h3 55. Be8 h2 56. Bc6 Kf4 57. Bb7 Ke3 58. Be4 Ke2 59. Kb3 Kd2 60. Kc4 Kc2 61. d4+ Kb2 62. dxc5 b3 0-1

[Event "IX Iberoamericano Championship 2023"]
[Site "Panama City"]
[Date "2023.11.27"]
[Round "1.17"]
[White "Rodriguez Vila, Andres"]
[Black "Sanchez Manzanares, Jorge Luis"]
[Result "1-0"]
[ECO "B07"]
[WhiteElo "2405"]
[BlackElo "1987"]
[Annotator "RC"]
[PlyCount "43"]
[EventDate "2023.11.27"]
[EventType "swiss"]
[EventCountry "PAN"]
[SourceTitle "playchess.com"]
[Source "ChessBase"]
[SourceQuality "1"]
[TimeControl "5400+30"]

1. d4 Nf6 2. Nc3 g6 3. Bf4 Bg7 4. Qd2 d6 5. e4 c6 6. O-O-O Qa5 7. Kb1 b5 8. e5 Nh5 9. exd6 Nxf4 10. Qxf4 O-O 11. dxe7 Re8 12. Qd6 Be6 13. d5 cxd5 14. Bxb5 Nc6 15. Bxc6 Rab8 16. Nge2 Bxc3 17. Nxc3 Qxc3 18. Qxb8 Qxc6 19. Qd8 Qc8 20. Qxc8 Rxc8 21. Rhe1 Re8 22. c4 1-0